 Dungeon Crawl Stone Soup version 0.24.0-13-gcf9b3192b9 (webtiles) character file.

Game seed: 4599358542064086767, levelgen mode: deterministic

21305 Curus the Nimble (level 12, -2/103 HPs)
             Began as a Merfolk Gladiator on Nov 8, 2019.
             Was an Elder of Yredelemnul.
             Slain by a six-headed hydra (16 damage)
             ... on level 3 of the Lair of Beasts.
             The game lasted 00:57:16 (11300 turns).

Curus the Nimble (Merfolk Gladiator)               Turns: 11300, Time: 00:57:17

Health: -2/103     AC: 12    Str: 18    XL:     12   Next: 88%
Magic:  18/19      EV: 23    Int:  8    God:    Yredelemnul [****..]
Gold:   636        SH:  4    Dex: 18    Spells: 11/11 levels left

rFire    . . .     SeeInvis +   w - +1 trident (freeze)
rCold    + + +     Gourm    .   (no shield)
rNeg     . . .     Faith    .   b - +1 leather armour
rPois    +         Spirit   .   c - +1 helmet
rElec    .         Reflect  +   A - +2 cloak {rPois}
rCorr    +         Harm     .   s - +0 pair of gloves
MR       +....                  g - +1 pair of boots
Stlth    +.........             t - +4 amulet of reflection
HPRegen  0.27/turn              F - ring "Boic" {rC+++ MR+ Str+4 Dex-2 SInv}
MPRegen  0.16/turn              e - ring of resist corrosion

@: about to teleport
A: change form in water, swift swim, stealthy swim
a: Recall Undead Slaves, Injury Mirror, Animate Dead, Drain Life, Renounce
Religion


You were on level 3 of the Lair of Beasts.
You worshipped Yredelemnul.
Yredelemnul was greatly pleased with you.
You were not hungry.

You visited 3 branches of the dungeon, and saw 14 of its levels.
You also visited: Sewer.

You collected 636 gold pieces.

Inventory:

Hand Weapons
 a - a +0 trident
 w - a +1 trident of freezing (weapon)
Missiles
 d - 8 throwing nets (quivered)
Armour
 b - a +1 leather armour (worn)
 c - a +1 helmet (worn)
 g - a +1 pair of boots (worn)
 i - a +3 ring mail
 s - a +0 pair of gloves (worn)
 z - a +0 cloak
 A - a +2 cloak of poison resistance (worn)
Jewellery
 e - a ring of resist corrosion (right hand)
 l - an uncursed ring of protection from magic
 m - an uncursed ring of protection from magic
 r - an uncursed ring of positive energy
 t - a +4 amulet of reflection (around neck)
 u - a +3 ring of strength
 y - an uncursed amulet of rage
 F - the ring "Boic" (left hand) {rC+++ MR+ Str+4 Dex-2 SInv}
   (You found it on level 8 of the Dungeon)

   [ring of protection from magic]

   It affects your strength (+4).
   It affects your dexterity (-2).
   It renders you almost immune to cold.
   It affects your resistance to hostile enchantments.
   It lets you see invisible.
 L - an uncursed ring of magical power
Wands
 B - a wand of random effects (16)
 C - a wand of enslavement (11)
 D - a wand of flame (44)
 J - a wand of acid (9)
 M - a wand of polymorph (10)
Scrolls
 j - 15 scrolls of identify
 k - 7 scrolls of remove curse
 n - 12 scrolls of teleportation
 q - 2 scrolls of blinking
 E - 2 scrolls of magic mapping
 G - a scroll of fear
 K - a scroll of enchant weapon
Potions
 h - 8 potions of curing
 o - 2 potions of magic
 p - 6 potions of brilliance
 v - 4 potions of heal wounds
 x - 2 potions of haste
 H - a potion of flight
 I - a potion of cancellation
Comestibles
 f - 20 rations


   Skills:
 + Level 12.5 Fighting
 - Level 14.0 Polearms
 - Level 2.0 Throwing
 + Level 14.7 Dodging
 - Level 10.1 Invocations


You had 11 spell levels left.
You didn't know any spells.
Your spell library contained the following spells:

 Spells                   Type           Power        Failure   Level  Hunger
 Sandblast                Erth           #.....       45%         1    ##.....
 Sting                    Conj/Pois      #...         45%         1    ##.....
 Passwall                 Tmut/Erth      #.......     61%         2    ###....
 Poisonous Vapours        Pois/Air       #.....       61%         2    ###....
 Mephitic Cloud           Conj/Pois/Air  #.......     83%         3    ####...
 Stone Arrow              Conj/Erth      #.....       83%         3    ####...
 Olgreb's Toxic Radiance  Pois           #.......     99%         4    #####..
 Petrify                  Tmut/Erth      #.......     99%         4    #####..
 Lee's Rapid Deconstruct  Erth           #.........   100%        5    ######.
 Venom Bolt               Conj/Pois      #.........   100%        5    ######.


Dungeon Overview and Level Annotations

Branches:
Dungeon (10/15)            Temple (1/1) D:6            Lair (3/6) D:10
 Spider (0/4) Lair:2          Orc (0/2) D:9           Sewer (visited)
  Swamp: Lair:2-4    Shoals: Lair:2-4

Altars:
Dithmenos
Elyvilon
Gozag
Hepliaklqana
Nemelex Xobeh
Sif Muna
Trog
Uskayaw
Vehumet
Xom
Yredelemnul
The Shining One

Shops:
D:4 :   D:7 (


Message History

The spiny frog is almost dead.
The six-headed hydra completely misses you.
The six-headed hydra misses you. The six-headed hydra bites you!
The six-headed hydra closely misses you.
The six-headed hydra bites you!
* * * LOW HITPOINT WARNING * * *
The six-headed hydra completely misses you.
The hippogriff completely misses you. The hippogriff pecks you.
* * * LOW HITPOINT WARNING * * *
The hippogriff misses you.
You hit the spiny frog.
The spiny frog seems to slow down.
You freeze the spiny frog.
You kill the spiny frog!
Yredelemnul accepts your kill.
You puncture the six-headed hydra! You freeze the six-headed hydra.
The six-headed hydra is moderately wounded.
The six-headed hydra completely misses you.
The six-headed hydra bites you!
You die...
Your body rises from the dead as a mindless zombie.

#[..... .. #.." #..... ....
#... #...P .... .....
##...# ... ..... #P...###
#.#
......#######....#.####.###
......#.##@###....#.##...#P
.........tDH...............
..........w................
...........................
..................#..###...
♣..................#.P#P.#.
♣♣♣♣♣♣♣..♣♣.##...........##
≈≈...♣♣♣#^...##......#
≈≈≈≈♣ #....##.......


You could see a six-headed hydra, a hippogriff, a swamp worm and a crocodile.

Vanquished Creatures
  Gastronok (Lair:3)
  Erolcha (D:10)
  A hydra (Lair:1)
  Harold (Lair:2)
  A two-headed ogre (D:10)
  Sonja (D:10)
  Pikel (D:8)
  A wolf spider (Lair:2)
  A black mamba (Lair:3)
  Joseph (D:10)
  4 spiny frogs
  A gargoyle (D:10)
  A polar bear (Lair:2)
  2 blink frogs (Lair:2)
  7 hippogriffs
  A spriggan (D:10)
  2 wyverns (D:9)
  2 basilisks
  13 yaks
  A hungry ghost (D:8)
  2 wargs (D:9)
  Edmund (D:4)
  2 water moccasins
  Duvessa (D:4)
  3 porcupines
  2 phantoms
  An eye of draining (D:10)
  3 sky beasts
  5 orc warriors
  3 ice beasts
  2 black bears
  A necrophage (D:6)
  5 ogres
  4 centaurs
  5 crocodiles
  3 big kobolds
  8 bullfrogs
  Blork the orc (D:5)
  A gnoll sergeant (D:9)
  Dowan (D:4)
  A wyvern skeleton (D:10)
  5 killer bees (D:10)
  4 wights (D:8)
  3 howler monkeys
  2 electric eels
  A crimson imp (D:10)
  3 bullfrog skeletons
  A gnoll shaman (D:8)
  3 centaur skeletons
  5 orc priests
  A quasit (D:9)
  4 hounds
  Terence (D:2)
  6 iguanas
  7 orc wizards
  6 worker ants
  2 killer bee zombies
  3 hound skeletons
  Robin (D:2)
  17 gnolls
  14 adders
  A howler monkey skeleton (D:8)
  2 river rats (D:3)
  A shadow imp (D:7)
  2 oozes (D:5)
  An adder zombie (D:9)
  2 adder skeletons
  2 worms
  A dart slug (D:1)
  5 leopard geckos
  34 orcs
  8 giant cockroaches
  17 goblins
  10 hobgoblins
  5 jackals (Sewer)
  3 quokkas
  7 ball pythons
  3 bats
  5 frilled lizards
  2 jackal skeletons (D:6)
  32 kobolds
  A quokka skeleton (D:4)
  9 rats
  5 plants (Sewer)
346 creatures vanquished.

Vanquished Creatures (collateral kills)
  2 hydras (Lair:2)
  A black mamba (Lair:2)
  2 hippogriffs
  3 blink frogs (Lair:2)
  4 yaks
  2 porcupines (Lair:1)
  A phantom (D:10)
  2 crocodiles
17 creatures vanquished.

Vanquished Creatures (others)
  8 flying skulls (Lair:2)
  2 centaurs
  A howler monkey (D:5)
  A yak skeleton (Lair:2)
  An adder zombie (D:10)
  A leopard gecko (D:5)
  A giant cockroach (D:5)
  A jackal (D:5)
  A jackal zombie (D:8)
  An orc skeleton (D:9)
  An orc zombie (D:10)
  2 fungi (Lair:2)
  A plant (Lair:2)
22 creatures vanquished.

Grand Total: 385 creatures vanquished

Notes
Turn   | Place    | Note
-------+----------+-------------------------------------------
     0 | D:1      | Curus the Merfolk Gladiator began the quest for the Orb.
     0 | D:1      | Reached XP level 1. HP: 16/16 MP: 1/1
    98 | D:1      | Reached skill level 5 in Polearms
   110 | D:1      | Reached XP level 2. HP: 22/22 MP: 2/2
   217 | D:1      | Reached XP level 3. HP: 26/27 MP: 3/3
   657 | D:2      | Reached XP level 4. HP: 19/33 MP: 4/4
   690 | D:2      | Noticed Robin
  1187 | D:2      | Noticed Terence
  1205 | D:2      | Killed Terence
  1260 | D:2      | Reached XP level 5. HP: 38/38 MP: 5/5
  1411 | D:2      | Killed Robin
  1569 | D:3      | Found a glowing drain.
  1576 | Sewer    | Entered a sewer
  2622 | D:3      | Reached XP level 6. HP: 44/44 MP: 6/6
  2931 | D:3      | Found a shimmering blue altar of Sif Muna.
  3120 | D:4      | Reached skill level 10 in Polearms
  3271 | D:4      | Found Uboc's Book Shop.
  3371 | D:4      | Noticed Duvessa
  3371 | D:4      | Noticed Dowan
  3389 | D:4      | Killed Duvessa
  3389 | D:4      | Reached XP level 7. HP: 43/50 MP: 7/7
  3406 | D:4      | Killed Dowan
  3708 | D:4      | Noticed Edmund
  3725 | D:4      | Killed Edmund
  4118 | D:4      | Found a sparkling altar of Nemelex Xobeh.
  4211 | D:5      | Entered Level 5 of the Dungeon
  4217 | D:5      | Noticed Blork the orc
  4235 | D:5      | Killed Blork the orc
  4306 | D:5      | Reached XP level 8. HP: 29/56 MP: 8/8
  4312 | D:5      | Found a shimmering altar of Xom.
  4312 | D:5      | Noticed a hippogriff
  4345 | D:5      | Killed a hippogriff
  4596 | D:5      | Reached skill level 5 in Dodging
  4611 | D:5      | You fall into a shaft and drop 3 floors!
  4632 | D:6      | Found a staircase to the Ecumenical Temple.
  4660 | Temple   | Entered the Ecumenical Temple
  4668 | Temple   | Became a worshipper of Yredelemnul the Dark
  4805 | D:6      | Found a glowing golden altar of the Shining One.
  4991 | D:6      | Reached XP level 9. HP: 65/66 MP: 9/9
  5303 | D:7      | Reached skill level 5 in Fighting
  5395 | D:7      | Reached * piety under Yredelemnul
  5549 | D:7      | Found Taluun's Antique Weapon Boutique.
  5727 | D:7      | Found a bloodstained altar of Trog.
  5732 | D:7      | Found a white marble altar of Elyvilon.
  5737 | D:7      | Found a radiant altar of Vehumet.
  6159 | D:8      | Reached XP level 10. HP: 80/80 MP: 10/10
  6264 | D:8      | Reached skill level 10 in Dodging
  6420 | D:8      | Noticed Pikel
  6438 | D:8      | Killed Pikel
  6450 | D:8      | Got a faintly glowing glass ring
  6470 | D:8      | Identified the ring "Boic" {rC+++ MR+ Str+4 Dex-2 SInv}
                  | (You found it on level 8 of the Dungeon)
  6483 | D:8      | Found a hazy altar of Hepliaklqana.
  6621 | D:9      | Reached ** piety under Yredelemnul
  6733 | D:9      | Found a staircase to the Orcish Mines.
  7460 | D:9      | Found a shadowy altar of Dithmenos.
  7545 | D:9      | Found a hide-covered altar of Uskayaw.
  7763 | D:10     | Entered Level 10 of the Dungeon
  7833 | D:10     | Reached *** piety under Yredelemnul
  7860 | D:10     | Reached skill level 10 in Fighting
  7862 | D:10     | Noticed a gargoyle
  7871 | D:10     | Killed a gargoyle
  7878 | D:10     | Noticed Joseph
  7897 | D:10     | Killed Joseph
  7897 | D:10     | Reached XP level 11. HP: 51/92 MP: 11/11
  8276 | D:10     | Noticed a two-headed ogre
  8277 | D:10     | Noticed Erolcha
  8283 | D:10     | Killed a two-headed ogre
  8297 | D:10     | Killed Erolcha
  8528 | D:10     | Found a staircase to the Lair.
  8537 | D:10     | Noticed Sonja
  8554 | D:10     | Killed Sonja
  8561 | Lair:1   | Entered Level 1 of the Lair of Beasts
  8572 | Lair:1   | Reached **** piety under Yredelemnul
  8572 | Lair:1   | Reached skill level 1 in Invocations
  8861 | Lair:1   | Received a gift from Yredelemnul (5 flying skulls)
  9218 | Lair:1   | Noticed a six-headed hydra
  9232 | Lair:1   | Killed a six-headed hydra
  9232 | Lair:1   | Reached skill level 5 in Invocations
  9528 | Lair:2   | Noticed a four-headed hydra
  9536 | Lair:2   | Noticed a five-headed hydra
  9537 | Lair:2   | Noticed a wolf spider
  9565 | Lair:2   | Noticed Harold
  9581 | Lair:2   | Killed Harold
  9581 | Lair:2   | Reached XP level 12. HP: 48/100 MP: 15/17
 10424 | Lair:2   | Received a gift from Yredelemnul (3 flying skulls)
 10446 | Lair:2   | Killed a five-headed hydra
 10464 | Lair:2   | Reached skill level 10 in Invocations
 10465 | Lair:2   | Found a hole to the Spider Nest.
 10525 | Lair:2   | Killed a four-headed hydra
 11167 | Lair:3   | Noticed Gastronok
 11190 | Lair:3   | Killed Gastronok
 11278 | Lair:3   | Noticed a six-headed hydra
 11300 | Lair:3   | Slain by a six-headed hydra

Levels and vault maps discovered:
D:1:      sevenhm_arrival_forest_fort_large_2, layout_rooms, minmay_heptomino_o4
D:2:      layout_basic, minmay_misc_feat_rugged, minmay_misc_feat_cross,
          uniq_robin, uniq_terence
D:3:      layout_loops_corners, tgw_sif, gup_sewer_entry_bubbles,
          kennysheep_generic_room_3
D:4:      layout_loops_ring, lemuel_round_altar, serial_shops, shop,
          first_ration, uniq_duvessa, uniq_edmund
D:5:      layout_cave_pools, xom_confusion_cloud, grunt_qazlal_sundering,
          makhleb_altar_promises_db, uniq_sigmund, uniq_blork_the_orc
D:6:      layout_basic, nicolae_tso_swordbearing_angel,
          minmay_temple_entry_overgrown
D:7:      layout_rooms, minmay_overflow_temple_star_quad, serial_shops,
          kennysheep_mini
D:8:      layout_basic, overflow_temple_1_default, uniq_pikel
D:9:      layout_basic, grunt_dithmenos_smoke_and_mirrors,
          eat_drink_and_be_merry_uskayaw, david_orc_1_choice
D:10:     layout_long_grid, lair_entry_dummy, grunt_pizzeria, uniq_erolcha,
          uniq_joseph, uniq_nergalle, uniq_sonja
Temple:   dpeg_chambers_temple
Lair:1:   layout_small_grid, patterned_corridor, infiniplex_staircase_pool,
          grunt_megastairs_2, serial_bayou_shore_a
Lair:2:   layout_regular_city, spider_nest_entry_rubble,
          grunt_forest_small_clearing_treed, uniq_harold
Lair:3:   layout_regular_city, palyth_hydra_swamp_entry, serial_bayou_shore_b,
          uniq_gastronok

Skill      XL: |  1  2  3  4  5  6  7  8  9 10 11 12 |
---------------+-------------------------------------+-----
Polearms       | 5 6 7 8 9 11 12 14 | 14.0
Fighting       | 4 7 10 11 12 | 12.5
Dodging        | 6 9 12 13 14 | 14.7
Invocations    | 7 10 | 10.1
Throwing       | |  2.0

Action                   |  1- 3 |  4- 6 |  7- 9 | 10-12 || total
-------------------------+-------+-------+-------+-------++-------
Melee: Trident           |    98 |   402 |   400 |   834 ||  1734
       Tailslap          |       |     5 |       |       ||     5
Invok: Animate Remains   |       |       |       |     4 ||     4
       Animate Dead      |       |       |       |     5 ||     5
       Recall Undead Sla |       |       |       |     3 ||     3
Evoke: Wand              |       |       |       |     3 ||     3
  Use: Scroll            |     5 |     5 |     4 |     6 ||    20
       Potion            |     2 |     4 |     3 |     3 ||    12
 Stab: Sleeping          |     1 |     8 |     4 |     5 ||    18
       Invisible         |       |       |     1 |       ||     1
       Distracted        |       |       |       |     4 ||     4
  Eat: Chunk             |       |     5 |     7 |    15 ||    27
       Ration            |       |     1 |     1 |     2 ||     4
Armor: Leather armour    |    17 |    41 |    63 |    82 ||   203
Dodge: Dodged            |    57 |   118 |   150 |   442 ||   767
Block: Other             |       |     1 |    40 |    89 ||   130
       Reflection        |       |       |     5 |     5 ||    10
